 Dungeon Crawl Stone Soup version 0.30-a0-141-g30f27751c5 (webtiles) character file.

Game seed: 10175003863353850522

1878 qw the Cleaver (level 9, 0/56 HPs)
             Began as a Gargoyle Fighter on Sept 25, 2022.
             Slain by an orc warrior
             ... wielding a +0 dire flail
              (5 damage)
             ... on level 9 of the Dungeon.
             The game lasted 00:02:15 (5938 turns).

qw the Cleaver (Gargoyle Fighter)                   Turns: 5938, Time: 00:02:16

Health: 0/56       AC: 17    Str: 24    XL:     9   Next: 14%
Magic:  0/9        EV:  8    Int:  9    God:
Gold:   238        SH:  4    Dex:  9    Spells: 8/8 levels left

rFire   . . .      SeeInvis .    h - +0 broad axe
rCold   . . .      Faith    .    c - +0 buckler
rNeg    + + .      Spirit   +    g - +0 chain mail
rPois   inf        Reflect  .    (no helmet)
rElec   +          Harm     .    m - +0 cloak
rCorr   .          Rampage  .    (no gloves)
Will    .....                    (no boots)
Stlth   ..........               l - amulet of guardian spirit
HPRegen 0.18/turn                j - ring of positive energy
MPRegen 0.11/turn                (no ring)

@: no status effects
A: sickness immunity, AC +6, negative energy resistance 1, electricity
resistance, torment resistance 1, petrification resistance
a: no special abilities


You were on level 9 of the Dungeon.
You visited 1 branch of the dungeon, and saw 7 of its levels.

You collected 238 gold pieces.


Innate Abilities, Weirdness & Mutations

You are immune to sickness and miasma.
Your stone body is resilient. (AC +6)
You are immune to poison.
You resist negative energy. (rN+)
You are resistant to electric shocks. (rElec)
You are resistant to unholy torment.
You are immune to petrification.


   Skills:
 + Level 6.5 Fighting
 - Level 9.0 Axes
 - Level 1.1 Throwing
 - Level 4.0 Armour
 - Level 1.0 Dodging
 - Level 4.1 Shields


You had 8 spell levels left.
You didn't know any spells.
Your spell library was empty.

Inventory:

Hand Weapons
 e - a +0 flail
 h - a +0 broad axe (weapon)
Armour
 a - a +0 kite shield
 c - a +0 buckler (worn)
 g - a +0 chain mail (worn)
 m - a +0 cloak (worn)
Jewellery
 j - a ring of positive energy (left hand)
 l - an amulet of guardian spirit (around neck)
 o - an amulet of the acrobat
Scrolls
 f - 2 scrolls of identify
Potions
 b - 3 potions of resistance
 d - a potion of might
 k - 2 potions of attraction
 p - a potion of lignification {unknown}

Dungeon Overview and Level Annotations

Branches:
Dungeon (9/15)
 Temple: D:4-7         Lair: D:8-11         Orc: D:9-12

Altars:
Dithmenos
Gozag
Qazlal
Sif Muna
The Shining One

Shops:
D:2 [

Annotations:
D:4 Eustachio


Message History

You closely miss the black bear. The orc hits you but does no damage.
The black bear bites you but does no damage.
The black bear claws you but does no damage. x2
You hit the orc.
The orc is heavily wounded.
You slash the black bear! You slash the orc priest!
The orc hits you but does no damage. You block the orc priest's attack.
The black bear bites you but does no damage.
The black bear claws you. The black bear closely misses you.
You hit the black bear.
The black bear is heavily wounded.
You hit the orc. You slash the orc priest!
You kill the orc priest!
You block the orc's attack. The black bear barely misses you.
You block the black bear's attack. The black bear closely misses you.
You barely miss the orc.
The orc is almost dead.
You slash the black bear!
You kill the black bear!
An orc comes into view. It is wielding a +0 dagger.
The orc barely misses you.
Your Shields skill increases to level 4!
You slash the orc!
You kill the orc!
You barely miss the orc warrior.
The orc warrior hits you with a +0 dire flail!
The orc warrior barely misses you.
You closely miss the orc warrior. You block the orc warrior's attack.
You hit the orc warrior.
The orc warrior is lightly wounded.
The orc warrior hits you but does no damage.
You closely miss the orc warrior.
The orc warrior is lightly wounded.
The orc warrior hits you but does no damage.
You barely miss the orc warrior.
The orc warrior is lightly wounded.
The orc warrior hits you with a +0 dire flail!
You die...

##.###.. ......#
#...##.# .###..# ..o
###...##.# .# #..# #...
#......^.### .###..###
..o #...>......# ..
..... ... #........#.#
####..###.# ###...##.#.#
#..%....##
#........######).>.....#
####.#........@oo......#
#.##########)##.######
#.# ###.##.# #.# #.#
#......# #.# #.#
#......####.# #.#
#......)))).# #.#
#..#######)<# #.# #..#
#..# #.########..# #..#


You could see an orc warrior and an orc.

Vanquished Creatures
  An elephant (D:9)
  Sigmund (D:4)
  A yak (D:9)
  2 black bears (D:9)
  An ogre (D:4)
  A gnoll sergeant (D:9)
  A necrophage (D:4)
  3 wights (D:9)
  A howler monkey (D:4)
  3 hounds (D:5)
  2 orc priests
  An iguana (D:5)
  Natasha (thrice) (D:4)
  8 orc wizards
  5 gnolls (D:9)
  3 adders (D:5)
  A white imp (D:5)
  A worm (D:2)
  3 dart slugs
  27 orcs
  An endoplasm (D:4)
  2 giant cockroaches (D:1)
  7 goblins
  10 hobgoblins
  5 jackals (D:1)
  5 kobolds
  4 quokkas
  13 ball pythons
  10 bats
  A frilled lizard (D:2)
  6 rats
133 creatures vanquished.

Vanquished Creatures (others)
  A hobgoblin zombie (D:3)
  5 plants
6 creatures vanquished.

Grand Total: 139 creatures vanquished

Notes
Turn   | Place    | Note
-------+----------+-------------------------------------------
     0 | D:1      | qw the Gargoyle Fighter began the quest for the Orb.
     0 | D:1      | Reached XP level 1. HP: 14/14 MP: 1/1
     0 | D:1      | 0 ||| qw: Version: 0.2-a-10-g399e6c4
     0 | D:1      | 0 ||| qw: Game counter: 208
     0 | D:1      | 0 ||| qw: Always use a shield: true
     0 | D:1      | 0 ||| qw: God list: Okawaru
     0 | D:1      | 0 ||| qw: Allow faded altars: false
     0 | D:1      | 0 ||| qw: Do Orc after D:15 true
     0 | D:1      | 0 ||| qw: Do second Lair branch before Depths: true
     0 | D:1      | 0 ||| qw: Lair rune preference: random
     0 | D:1      | 0 ||| qw: Plans: Normal, Zot:1-4, God:TSO, Crypt, Tomb,
                  | Pan, Slime:5, Hells, Abyss, Orb
     0 | D:1      | 0 ||| PLANNING D:1-11
   108 | D:1      | Reached skill level 2 in Axes
   298 | D:1      | 298 ||| Stepping ~*~*~tactically~*~*~ (stealth).
   309 | D:1      | Reached XP level 2. HP: 19/19 MP: 2/2
   349 | D:1      | Found a faded altar of an unknown god.
   727 | D:1      | Reached skill level 3 in Axes
   858 | D:1      | Reached XP level 3. HP: 23/23 MP: 3/3
   994 | D:1      | 994 ||| UPGRADING to amulet of guardian spirit.
   999 | D:1      | 999 ||| DROPPING ring of magical power.
  1000 | D:1      | 1000 ||| READING scroll labelled MUSUCK KIOSE.
  1001 | D:1      | 1001 ||| READING scroll labelled ZEWIMU GAGIY.
  1002 | D:1      | 1002 ||| READING scroll labelled DOUCOXZ PANLE.
  1003 | D:1      | 1003 ||| READING scroll labelled DYSHIO CEREEL.
  1024 | D:2      | 1024 ||| STAIRDANCE
  1030 | D:2      | 1030 ||| STAIRDANCE
  1036 | D:2      | 1036 ||| STAIRDANCE
  1066 | D:2      | 1066 ||| STAIRDANCE
  1072 | D:2      | 1072 ||| STAIRDANCE
  1146 | D:2      | 1146 ||| Stepping ~*~*~tactically~*~*~ (stealth).
  1168 | D:2      | 1168 ||| DROPPING +0 club.
  1182 | D:2      | HP: 4/23 [worm (4)]
  1380 | D:2      | 1380 ||| FLEEEEING.
  1381 | D:2      | 1381 ||| FLEEEEING.
  1382 | D:2      | 1382 ||| FLEEEEING.
  1383 | D:2      | 1383 ||| STAIRDANCE
  1692 | D:2      | Found Untu's Armour Emporium.
  1734 | D:2      | 1734 ||| SHOPLISTING +0 pair of gloves of Bad Feelings
                  | {-Tele +Inv rCorr Int+2} (213 gold, have 74).
  1812 | D:2      | 1812 ||| UPGRADING to +0 chain mail.
  1822 | D:2      | 1822 ||| DROPPING +0 scale mail.
  1823 | D:2      | 1823 ||| UPGRADING to ring of positive energy.
  1824 | D:2      | 1824 ||| READING scroll labelled KELECE LANE.
  1825 | D:2      | 1825 ||| READING scroll labelled TAGRAAZAWN.
  1826 | D:2      | 1826 ||| READING scroll labelled SIN WOFFUMEEKH.
  2012 | D:3      | Reached XP level 4. HP: 28/28 MP: 4/4
  2098 | D:3      | 2098 ||| Stepping ~*~*~tactically~*~*~ (stealth).
  2099 | D:3      | 2099 ||| Stepping ~*~*~tactically~*~*~ (stealth).
  2100 | D:3      | 2100 ||| Stepping ~*~*~tactically~*~*~ (stealth).
  2104 | D:3      | 2104 ||| Stepping ~*~*~tactically~*~*~ (stealth).
  2383 | D:3      | Reached skill level 4 in Axes
  2706 | D:3      | 2706 ||| READING scroll labelled MEIRRU EMNEBBY.
  2807 | D:3      | 2807 ||| DRINKING 2 cyan potions.
  2808 | D:3      | 2808 ||| DRINKING 2 blue potions.
  2809 | D:3      | 2809 ||| DRINKING 2 smoky cyan potions.
  2910 | D:3      | 2910 ||| DROPPING potion of magic.
  2911 | D:3      | 2911 ||| DROPPING potion of ambrosia.
  2988 | D:4      | Noticed Sigmund
  2989 | D:4      | 2989 ||| Stepping ~*~*~tactically~*~*~ (hiding).
  2991 | D:4      | 2991 ||| Stepping ~*~*~tactically~*~*~ (stealth).
  3005 | D:4      | Killed Sigmund
  3006 | D:4      | Reached skill level 5 in Axes
  3006 | D:4      | Reached XP level 5. HP: 28/32 MP: 5/5
  3006 | D:4      | Reached XP level 6. HP: 32/37 MP: 6/6
  3126 | D:4      | 3126 ||| Stepping ~*~*~tactically~*~*~ (hiding).
  3134 | D:4      | 3134 ||| DRINKING potion of curing.
  3134 | D:4      | 3134 ||| (to cure confusion)
  3152 | D:4      | Found a stormy altar of Qazlal.
  3153 | D:4      | 3153 ||| Stepping ~*~*~tactically~*~*~ (hiding).
  3154 | D:4      | 3154 ||| Stepping ~*~*~tactically~*~*~ (stealth).
  3155 | D:4      | 3155 ||| Stepping ~*~*~tactically~*~*~ (stealth).
  3171 | D:4      | HP: 9/38 [orc/+0 flail (3)]
  3173 | D:4      | Reached skill level 6 in Axes
  3192 | D:4      | 3192 ||| FLEEEEING.
  3193 | D:4      | 3193 ||| FLEEEEING.
  3197 | D:4      | 3197 ||| FLEEEEING.
  3241 | D:4      | 3241 ||| FLEEEEING.
  3242 | D:4      | 3242 ||| FLEEEEING.
  3247 | D:4      | 3247 ||| FLEEEEING.
  3248 | D:4      | 3248 ||| FLEEEEING.
  3249 | D:4      | 3249 ||| FLEEEEING.
  3255 | D:4      | 3255 ||| FLEEEEING.
  3256 | D:4      | 3256 ||| FLEEEEING.
  3257 | D:4      | 3257 ||| FLEEEEING.
  3258 | D:4      | 3258 ||| FLEEEEING.
  3259 | D:4      | 3259 ||| FLEEEEING.
  3260 | D:4      | 3260 ||| FLEEEEING.
  3261 | D:4      | 3261 ||| FLEEEEING.
  3262 | D:4      | 3262 ||| FLEEEEING.
  3263 | D:4      | 3263 ||| FLEEEEING.
  3268 | D:4      | 3268 ||| STAIRDANCE
  3387 | D:4      | Noticed an air elemental
  3388 | D:4      | Noticed a water elemental
  3388 | D:4      | Noticed a fire elemental
  3388 | D:4      | Noticed Natasha
  3389 | D:4      | 3389 ||| READING 2 scrolls of identify.
  3389 | D:4      | 3389 ||| IDENTIFYING purple potion
  3392 | D:4      | Killed Natasha
  3422 | D:4      | Noticed Eustachio
  3428 | D:4      | Reached skill level 1 in Dodging
  3433 | D:4      | HP: 9/38 [Eustachio/+0 falchion (4)]
  3435 | D:4      | HP: 4/38 [shadow imp[Eustachio] (2)]
  3438 | D:4      | 3438 ||| FLEEEEING.
  3439 | D:4      | 3439 ||| FLEEEEING.
  3440 | D:4      | 3440 ||| FLEEEEING.
  3441 | D:4      | 3441 ||| FLEEEEING.
  3442 | D:4      | 3442 ||| FLEEEEING.
  3452 | D:4      | 3452 ||| Stepping ~*~*~tactically~*~*~ (stealth).
  3454 | D:4      | 3454 ||| Stepping ~*~*~tactically~*~*~ (stealth).
  3489 | D:4      | HP: 9/38 [necrophage (2)]
  3497 | D:4      | HP: 9/38 [necrophage (1)]
  3506 | D:4      | Reached XP level 7. HP: 9/43 MP: 4/7
  3758 | D:4      | Found a shimmering blue altar of Sif Muna.
  3770 | D:4      | Noticed Natasha
  3771 | D:4      | 3771 ||| Stepping ~*~*~tactically~*~*~ (hiding).
  3774 | D:4      | Killed Natasha
  3902 | D:4      | 3902 ||| Stepping ~*~*~tactically~*~*~ (stealth).
  3947 | D:4      | 3947 ||| Stepping ~*~*~tactically~*~*~ (hiding).
  3953 | D:4      | 3953 ||| Stepping ~*~*~tactically~*~*~ (hiding).
  4044 | D:4      | 4044 ||| Stepping ~*~*~tactically~*~*~ (stealth).
  4080 | D:4      | 4080 ||| Stepping ~*~*~tactically~*~*~ (stealth).
  4081 | D:4      | 4081 ||| Stepping ~*~*~tactically~*~*~ (stealth).
  4230 | D:4      | Noticed Natasha
  4231 | D:4      | 4231 ||| Stepping ~*~*~tactically~*~*~ (stealth).
  4351 | D:4      | Killed Natasha
  4440 | D:4      | Reached skill level 7 in Axes
  4602 | D:4      | 4602 ||| UPGRADING to +0 cloak.
  4607 | D:4      | 4607 ||| READING scroll labelled WOMYUG PAPP.
  4608 | D:4      | 4608 ||| DRINKING 3 lumpy grey potions.
  4609 | D:4      | 4609 ||| READING 3 scrolls of identify.
  4609 | D:4      | 4609 ||| IDENTIFYING grey potion
  4610 | D:4      | 4610 ||| DROPPING potion of berserk rage.
  4624 | D:5      | Entered Level 5 of the Dungeon
  4657 | D:5      | Found an opulent altar of Gozag.
  4827 | D:5      | Found a glowing golden altar of the Shining One.
  4985 | D:5      | Reached skill level 1 in Throwing
  5146 | D:5      | Reached XP level 8. HP: 47/49 MP: 6/8
  5200 | D:5      | Found a shadowy altar of Dithmenos.
  5248 | D:5      | 5248 ||| Stepping ~*~*~tactically~*~*~ (stealth).
  5285 | D:5      | 5285 ||| Stepping ~*~*~tactically~*~*~ (hiding).
  5421 | D:5      | 5421 ||| READING scroll labelled GINKUS UCRUJ.
  5422 | D:5      | 5422 ||| READING scroll labelled CIBRY MESYRU.
  5437 | D:6      | You fall into a shaft and drop 3 floors!
  5456 | D:9      | 5456 ||| Stepping ~*~*~tactically~*~*~ (hiding).
  5462 | D:9      | 5462 ||| Stepping ~*~*~tactically~*~*~ (hiding).
  5650 | D:9      | 5650 ||| SWAPPING to +0 broad axe.
  5651 | D:9      | 5651 ||| DROPPING +0 war axe of chaos.
  5740 | D:9      | Reached skill level 8 in Axes
  5760 | D:9      | HP: 10/49 [wight/+1 mace (4)]
  5761 | D:9      | 5761 ||| READING scroll of teleportation.
  5762 | D:9      | 5762 ||| DRINKING 2 potions of heal wounds.
  5894 | D:9      | Noticed a yak
  5898 | D:9      | 5898 ||| Stepping ~*~*~tactically~*~*~ (stealth).
  5905 | D:9      | 5905 ||| Stepping ~*~*~tactically~*~*~ (stealth).
  5908 | D:9      | Noticed an elephant
  5912 | D:9      | Killed a yak
  5913 | D:9      | Reached skill level 6 in Fighting
  5916 | D:9      | HP: 13/52 [elephant (2)]
  5917 | D:9      | 5917 ||| DRINKING potion of heal wounds.
  5924 | D:9      | Killed an elephant
  5925 | D:9      | Reached XP level 9. HP: 22/56 MP: 4/9
  5929 | D:9      | Reached skill level 9 in Axes
  5931 | D:9      | HP: 11/56 [black bear (4)]
  5934 | D:9      | HP: 4/56 [orc warrior/+0 dire flail (8)]
  5938 | D:9      | Slain by an orc warrior

Levels and vault maps discovered:
D:1:      dpeg_chamrin_arrival_tetris, layout_loops_ring,
          dreamdust_ecumenical_altar_hidden_monk_grotto
D:2:      layout_basic, serial_shops, shop, minivault_24
D:3:      layout_loops_ring, minmay_unequal
D:4:      layout_basic, nicolae_qazlal_style_of_elements,
          mainiacjoe_overflow_alcove_1, uniq_sigmund, uniq_eustachio,
          uniq_natasha
D:5:      layout_loops_ring, nicolae_gozag_seed_capital, lemuel_tele_altar,
          tso_altar
D:6:      kennysheep_big_flooded_room, layout_basic,
          minmay_temple_entry_butterflies, minmay_misc_feat_pillars
D:9:      layout_loops_ring, david_lair_generic, uniq_maggie, uniq_erica

Skill      XL: |  1  2  3  4  5  6  7  8  9 |
---------------+----------------------------+-----
Axes           | 2 3 5 6 7 8 9 |  9.0
Fighting       | 4 5 6 |  6.5
Dodging        | 1 |  1.0
Throwing       | 1 |  1.1
Armour         | 4 |  4.0
Shields        | 4 |  4.1

Action                   |  1- 3 |  4- 6 |  7- 9 || total
-------------------------+-------+-------+-------++-------
Melee: War axe           |   134 |   125 |   114 ||   373
       Broad axe         |       |       |    60 ||    60
Throw: Boomerang         |       |     4 |    17 ||    21
  Use: Scroll            |     7 |     2 |     5 ||    14
       Potion            |       |     4 |     3 ||     7
 Stab: Confused          |       |     1 |       ||     1
Armor: Scale mail        |    66 |       |       ||    66
       Chain mail        |     6 |    73 |   139 ||   218
Dodge: Dodged            |    68 |    38 |    62 ||   168
Block: Buckler           |    26 |    16 |    31 ||    73

Table legend:
 A = Non-vault XP
 B = Vault XP
 C = Vault XP percentage of total XP
 D = Non-vault monster count
 E = Vault monster count
 F = Vault count percentage of total count
                 A         B        C        D         E       F
            +---------+---------+-------+---------+---------+-------
      Total |    1485 |    1199 |  44.7 |     123 |      10 |   7.5
            +---------+---------+-------+---------+---------+-------
        D:1 |      44 |       0 |   0.0 |      25 |       0 |   0.0
        D:2 |      30 |       0 |   0.0 |      13 |       0 |   0.0
        D:3 |      28 |       6 |  17.6 |      18 |       4 |  18.2
        D:4 |     534 |     275 |  34.0 |      30 |       2 |   6.2
        D:5 |     379 |       0 |   0.0 |      23 |       0 |   0.0
        D:9 |     470 |     918 |  66.1 |      14 |       4 |  22.2
            +---------+---------+-------+---------+---------+-------
